 Dungeon Crawl Stone Soup version 0.30-a0-571-gdf30a72648 (webtiles) character file.

Game seed: 15991141517222575348

657 Newt the Conjurer (level 7, -13/52 HPs)
             Began as a Demonspawn Gladiator on Dec 29, 2022.
             Was an Initiate of Gozag.
             Mangled by an orc warrior
             ... wielding a +0 long sword
              (18 damage)
             ... on level 6 of the Dungeon.
             The game lasted 00:09:37 (7934 turns).

Newt the Conjurer (Demonspawn Gladiator)            Turns: 7934, Time: 00:09:38

Health: -13/52     AC:  5    Str: 17    XL:     7   Next: 29%
Magic:  7/7        EV: 12    Int:  9    God:    Gozag
Gold:   366        SH:  0    Dex: 14    Spells: 6/6 levels left

rFire   . . .      SeeInvis .    g - +0 staff of Battle
rCold   . . .      Faith    .    (no shield)
rNeg    . . .      Spirit   .    k - +0 leather armour
rPois   .          Reflect  .    (helmet restricted)
rElec   .          Harm     .    (no cloak)
rCorr   .          Rampage  .    e - +1 pair of gloves
Will    .....                    (no boots)
Stlth   ++                       (no amulet)
HPRegen 0.28/turn                (no ring)
MPRegen 0.10/turn                (no ring)

@: about to teleport, gold aura
A: antennae 1, foul stench 1
a: Renounce Religion, Potion Petition, Call Merchant, Bribe Branch


You were on level 6 of the Dungeon.
You worshipped Gozag.
Gozag was aware of your devotion.
You visited 2 branches of the dungeon, and saw 7 of its levels.

You collected 472 gold pieces.
You paid 106 gold pieces to Gozag.

Inventory:

Hand Weapons
 a - a +0 rapier
 b - a +0 sling
 f - a +2 hand axe of flaming
 g - the +0 staff of Battle (weapon)
   (You acquired it on level 3 of the Dungeon)

   It enhances your conjuration magic.
   It summons a battlesphere in combat, with strength depending on Conjurations
   skill.
   Its strikes trigger the battlesphere's blasts.
Missiles
 h - a throwing net (quivered)
Armour
 c - a +0 helmet
 e - a +1 pair of gloves (worn)
 k - a +0 leather armour (worn)
Jewellery
 d - a +4 ring of protection
 i - an amulet of regeneration
 j - an amulet of magic regeneration
 v - a ring of resist corrosion
Scrolls
 l - a scroll of amnesia
 p - a scroll of poison
 r - 3 scrolls of fog
 w - 3 scrolls of immolation {unknown}
 x - a scroll of enchant weapon {unknown}
Potions
 m - a potion of curing
 n - 2 potions of resistance
 o - 3 potions of ambrosia {unknown}
 q - a potion of mutation
 s - a potion of attraction
 t - 2 potions of berserk rage {unknown}
 z - 2 potions of brilliance


   Skills:
 + Level 3.3 Fighting
 - Level 2.6 Short Blades
 - Level 3.0 Staves
 - Level 2.6 Throwing
 - Level 2.6 Dodging
 - Level 3.0 Stealth
 - Level 5.0 Conjurations


You had 6 spell levels left.
You didn't know any spells.
Your spell library contained the following spells:

 Spells                   Type           Power      Damage    Failure   Level
 Kiss of Death            Conj/Necr      24%        2d7       19%         1
 Apportation              Tloc           0%         N/A       45%         1
 Necrotise                Necr           0%         1d4       45%         1
 Summon Small Mammal      Summ           0%         N/A       45%         1
 Sublimation of Blood     Necr           0%         N/A       58%         2
 Wereblood                Tmut           0%         N/A       58%         2
 Call Canine Familiar     Summ           0%         N/A       83%         3
 Confusing Touch          Hex            0%         N/A       83%         3
 Portal Projectile        Hex/Tloc       0%         N/A       83%         3
 Dispel Undead            Necr           0%         3d6       99%         4
 Leda's Liquefaction      Hex/Erth       0%         N/A       99%         4
 Summon Hydra             Summ           0%         N/A       100%        7


Dungeon Overview and Level Annotations

Branches:
Dungeon (6/15)             Temple (1/1) D:5

Altars:
Ashenzari
Dithmenos
Fedhas
Gozag
Kikubaaqudgha
Nemelex Xobeh
Okawaru
Ru
Sif Muna
Trog
Uskayaw
Vehumet
Xom
Yredelemnul

Annotations:
D:3 3 runed translucent doors, olddryhag's ghost, amateur DrCj
D:4 3 runed translucent doors, Jase's ghost, amateur GrEE


Innate Abilities, Weirdness & Mutations

You have a pair of small antennae on your head.
You may rarely emit foul miasma when damaged in melee.


Message History

The steam dragon breathes steam at you. The ball of steam hits you!
The orc warrior shoots a bolt.
The bolt hits you.
You hear a shout! x2; You hear an angry growl.
You hear an angry hiss.
You hear a shout! x2
The orc warrior unwields a +0 arbalest.
The orc warrior wields a +0 long sword.
The orc warrior hits you with a +0 long sword!
You hit the orc warrior but do no damage.
Your battlesphere fires!
The barrage of energy hits the orc!
You kill the orc!
A kobold comes into view. It is wielding a +0 club.
The orc warrior closely misses you.
As you read the scroll of teleportation, it crumbles to dust.
You feel strangely unstable.
You are engulfed in a cloud of scalding steam.
* * * LOW HITPOINT WARNING * * *
The steam dragon bites you!
* * * LOW HITPOINT WARNING * * *
The steam dragon claws you.
* * * LOW HITPOINT WARNING * * *
The kobold throws a stone.
The stone misses you. The orc warrior misses you.
A water moccasin comes into view.
You feel much better.
You are engulfed in a cloud of scalding steam.
The steam dragon bites you!
* * * LOW HITPOINT WARNING * * *
The steam dragon claws you.
* * * LOW HITPOINT WARNING * * *
The kobold throws a stone.
The stone misses you. The orc warrior closely misses you.
You feel better.
You are engulfed in a cloud of scalding steam.
* * * LOW HITPOINT WARNING * * *
The steam dragon bites you!
* * * LOW HITPOINT WARNING * * *
The steam dragon closely misses you.
The orc warrior is engulfed in a cloud of scalding steam.
The orc warrior hits you with a +0 long sword!!
You die...
Your body crumbles into a pile of gold.

###................
##...###.#### #
####.......#.# $ ###
#.##.#######.###
#...###.##.# #........
#.#........# #...... #
#.....#.#.## #....##.#
#......#.# #o§......
..........# #@D..##.#
........#.####*....$..
............§$.......#
.......###.§$$........
....... #.........S..
....... #............
....... #...........#
..##. #...........#
#........)..#


You could see a steam dragon, an orc warrior, a water moccasin and a friendly
battlesphere.

Vanquished Creatures
  A black bear (D:5)
  A centaur (D:5)
  A scorpion (D:4)
  A jelly (D:5)
  3 orc priests (D:5)
  A hound (D:4)
  An orc wizard (D:5)
  An iguana (D:4)
  4 gnolls
  6 adders
  4 worms
  2 dart slugs
  25 orcs
  7 ball pythons
  4 bats
  6 endoplasms
  2 giant cockroaches
  6 goblins
  8 hobgoblins
  7 jackals
  5 quokkas
  5 kobolds
  6 rats
107 creatures vanquished.

Notes
Turn   | Place    | Note
-------+----------+-------------------------------------------
     0 | D:1      | Newt the Demonspawn Gladiator began the quest for the Orb.
     0 | D:1      | Reached XP level 1. HP: 16/16 MP: 1/1
   101 | D:1      | Reached skill level 1 in Stealth
   564 | D:1      | Gained mutation: You may rarely emit foul miasma when
                  | damaged in melee. [demonic ancestry]
   564 | D:1      | Reached XP level 2. HP: 18/22 MP: 2/2
  1405 | D:2      | Gained mutation: You have a pair of small antennae on your
                  | head. [demonic ancestry]
  1405 | D:2      | Reached XP level 3. HP: 22/27 MP: 3/3
  1603 | D:2      | HP: 1/27 [worm (9)]
  2307 | D:3      | Reached XP level 4. HP: 30/33 MP: 4/4
  2355 | D:3      | Identified a scroll of acquirement
  2355 | D:3      | Acquired the +0 staff of Battle
  2355 | D:3      | Found the +0 staff of Battle
  2714 | D:3      | Found a runed translucent gate.
  2715 | D:3      | Found a runed translucent gate.
  2716 | D:3      | Found a runed translucent gate.
  2868 | D:3      | Reached skill level 1 in Staves
  2965 | D:3      | Noticed olddryhag's ghost (amateur DrCj)
  3289 | D:4      | Noticed a scorpion
  3297 | D:4      | Killed a scorpion
  3298 | D:4      | Reached XP level 5. HP: 21/38 MP: 5/5
  4371 | D:4      | Reached skill level 1 in Conjurations
  4555 | D:4      | Found a runed translucent gate.
  4555 | D:4      | Found a runed translucent gate.
  4556 | D:4      | Found a runed translucent gate.
  4557 | D:4      | Noticed Jase's ghost (amateur GrEE)
  4687 | D:4      | Reached skill level 2 in Conjurations
  4821 | D:4      | Reached XP level 6. HP: 30/44 MP: 6/6
  5358 | D:5      | Entered Level 5 of the Dungeon
  5365 | D:5      | Found a staircase to the Ecumenical Temple.
  5386 | Temple   | Entered the Ecumenical Temple
  5687 | Temple   | Became a worshipper of Gozag Ym Sagoz the Greedy
  5872 | D:5      | Reached skill level 3 in Conjurations
  6429 | D:5      | Reached skill level 4 in Conjurations
  6544 | D:5      | HP: 2/44 [centaur/arrow (5)]
  6650 | D:5      | Reached skill level 5 in Conjurations
  6650 | D:5      | Reached XP level 7. HP: 35/51 MP: 7/7
  7922 | D:6      | Noticed a steam dragon
  7934 | D:6      | Mangled by an orc warrior

Illustrated notes

Levels and vault maps discovered:
D:1:      dpeg_arrival_court, layout_basic, nicolae_titane
D:2:      layout_basic, minmay_parallelograms
D:3:      layout_basic, gammafunk_ghost_necromancy
D:4:      layout_loops_cross, mainiacjoe_overflow_tiny_flanked,
          gammafunk_ghost_split
D:5:      layout_layer_cave, minmay_temple_entry_glassed_door,
          grunt_ministairs_13
D:6:      layout_basic, chequers_temple_overflow_minitemple, uniq_duvessa
Temple:   bh_familiar_temple

Skill      XL: |  1  2  3  4  5  6  7 |
---------------+----------------------+-----
Stealth        | 1 2 3 |  3.0
Throwing       | 2 |  2.6
Staves         | 2 3 |  3.0
Conjurations   | 2 5 |  5.0
Fighting       | 3 |  3.3
Short Blades   | |  2.6
Dodging        | |  2.6

Action                   |  1- 3 |  4- 6 |  7- 9 || total
-------------------------+-------+-------+-------++-------
Melee: Rapier            |    49 |       |       ||    49
       Staff             |       |   163 |    46 ||   209
       Punch             |       |     1 |       ||     1
 Fire: Sling             |   120 |     6 |       ||   126
Throw: Throwing net      |     4 |     2 |       ||     6
       Javelin           |     1 |     1 |       ||     2
  Use: Scroll            |     6 |     4 |     3 ||    13
       Potion            |       |     3 |     2 ||     5
 Stab: Sleeping          |       |     4 |     1 ||     5
       Distracted        |       |       |     1 ||     1
Armor: Leather armour    |    22 |    46 |    12 ||    80
Dodge: Dodged            |    71 |   120 |    27 ||   218

Table legend: (Time is in decaauts)
 A = Elapsed time spent in this place.
 B = Non-inter-level travel time spent in this place.
 C = Inter-level travel time spent in this place.
 D = Time resting spent in this place.
 E = Time spent auto-exploring this place.
 F = Levels seen in this place.
 G = Mean time per level.
                   A        B        C        D        E       F      G
               +--------+--------+--------+--------+--------+-----+--------+
         Total |   8004 |   7580 |    424 |   2775 |   3864 |   7 | 1143.4 |
       Dungeon |   7673 |   7382 |    291 |   2775 |   3702 |   6 | 1278.8 |
        Temple |    330 |    197 |    133 |      0 |    162 |   1 |  330.0 |
               +--------+--------+--------+--------+--------+-----+--------+

Top non-repeatable levels by time:
     D:5: 2179 daAuts
     D:3: 1774 daAuts
     D:4: 1339 daAuts
     D:1: 1318 daAuts
     D:2: 992 daAuts
  Temple: 330 daAuts
     D:6: 69 daAuts
